 Dungeon Crawl Stone Soup version 0.27.1 (webtiles) character file.

Game seed: 8221195245788402091

4085 AIAndy the Thaumaturge (level 10, -4/70 HPs)
             Began as a Djinni Air Elementalist on Aug 27, 2021.
             Was a Follower of Uskayaw.
             Slain by a hell rat (12 damage)
             ... on level 8 of the Dungeon.
             The game lasted 00:37:09 (10600 turns).

AIAndy the Thaumaturge (Djinni Air Elementalist)   Turns: 10600, Time: 00:37:09

Health: -4/70      AC:  4    Str:  9    XL:     10   Next: 50%
Gold:   447        EV: 13    Int: 19    God:    Uskayaw [*.....] SH:  0 Dex: 13

rFire    + + +     SeeInvis .   p - +2 dagger (elec)
rCold    x . .     Faith    +   (no shield)
rNeg     + . .     Spirit   .   k - +2 robe {rF+}
rPois    ∞         Reflect  .   (no helmet)
rElec    .         Harm     .   (no cloak)
rCorr    .         Rampage  .   (no gloves)
Will     +....                  (boots unavailable)
Stlth    ++........             q - amulet of faith {!P}
HPRegen  0.21/turn              N - ring of positive energy
MPRegen  0.00/turn              (no ring)

@: flying
A: sickness immunity, fire resistance 2, cold vulnerability 1, float, innate
caster, hp casting, extra vitality 1
a: Renounce Religion, Stomp


You were on level 8 of the Dungeon.
You worshipped Uskayaw.
Uskayaw was noncommittal.
You visited 2 branches of the dungeon, and saw 9 of its levels.

You collected 447 gold pieces.


Innate Abilities, Weirdness & Mutations

You are immune to sickness and miasma.
You are immune to poison.
Your flesh is very heat resistant. (rF++)
You are vulnerable to cold. (rC-)
You float through the air rather than walking.
You learn spells naturally, not from books.
Your magical power is your life essence.
You have superior vitality. (+4 HP)


   Skills:
 - Level 5.0 Fighting
 - Level 5.0 Dodging
 - Level 1.5 Stealth
 + Level 10.3 Spellcasting


You had 9 spell levels left.
You knew the following spells:

 Your Spells              Type           Power      Damage    Failure   Level
a - Airstrike             Air            24%        N/A       1%          4
c - Call Imp              Summ           48%        N/A       1%          2
d - Dazzling Flash        Conj/Hex       96%        N/A       1%          3
i - Swiftness             Air            48%        N/A       1%          3
p - Sting                 Tmut/Pois      100%       1d8       1%          1
r - Ice Form              Ice/Tmut       48%        N/A       1%          4
t - Static Discharge      Conj/Air       48%        N/A       1%          2
z - Shock                 Conj/Air       100%       1d9       1%          1
Your spell library was empty.

Inventory:

Hand Weapons
 l - a +1 dagger of venom
 p - a +2 dagger of electrocution (weapon)
Missiles
 s - a throwing net {=f}
Armour
 k - a +2 robe of fire resistance (worn)
Magical Staves
 z - a staff of earth {!a}
Jewellery
 q - an amulet of faith (around neck) {!P}
 t - an amulet of reflection
 N - a ring of positive energy (left hand)
Wands
 d - a wand of mindburst (8)
 f - a wand of polymorph (6)
Scrolls
 a - a scroll of vulnerability {unknown}
 b - 2 scrolls of enchant armour {unknown}
 h - 2 scrolls of teleportation {@r2}
 i - a scroll of torment {unknown}
 o - a scroll of summoning {unknown}
 r - a scroll of silence {unknown}
 v - a scroll of brand weapon {unknown}
 w - a scroll of immolation {unknown}
 x - a scroll of magic mapping {unknown}
Potions
 c - a potion of might
 e - 4 potions of attraction
 j - a potion of ambrosia
 m - 2 potions of haste {@q3}
 u - a potion of heal wounds {@q2}

Dungeon Overview and Level Annotations

Branches:
Dungeon (8/15)             Temple (1/1) D:4
   Lair: D:8-11

Altars:
Cheibriados
Elyvilon
Fedhas
Gozag
Hepliaklqana
Kikubaaqudgha
Makhleb
Nemelex Xobeh
Okawaru
Ru
Sif Muna
Uskayaw
Vehumet
Wu Jian
Xom
Yredelemnul
Zin
The Shining One

Shops:
D:4

: ################
##...#.......#..######
#............#.......#
#......#)....r.......#
##.##..#.....#..###+####
####'##..#.....##'##.....#
.#....#..#...r.#r..#.....#
.#....#..#)..r.#r..#.>...#
###..#####...Y.#@#.......#
###..##...)..###.#########
'.....+.r..Y.#....#
#.....#......#....#
#.....#......#....#
#+#####......###### #
#......#### #......#
........#


You could see a hell rat and a river rat.


Message History

You kill the quokka!
You kill the hell rat!
You are struck by an arc of lightning.
The death yak bellows!
The hell rat is no longer sharing its pain.
The river rat is no longer sharing its pain. x3
A death yak comes into view.
You hit the hell rat.
The hell rat is almost dead.
The hell rat barely misses you.
Aiming: Shock (safe; 1% risk of failure)
Press: ? - help, Q - select action, (/) - cycle Shift-Dir - straight line, f/p - river rat
Aim: a river rat (lightly wounded, 71% to hit)
Okay, then.
Unknown command.
The hell rat completely misses you. The hell rat bites you!
* * * LOW HITPOINT WARNING * * *
The river rat twitches its whiskers.
The hell rat bites you!
* * * LOW HITPOINT WARNING * * *
You can no longer merge with and destroy a victim.
The hell rat bites you!
* * * LOW HITPOINT WARNING * * *
There is an open door here.
There is an open door here.
You can no longer pass through a line of other dancers.
The hell rat misses you.
There is an escape hatch in the ceiling here.
The hell rat bites you!
You die...

Skill      XL: |  1  2  3  4  5  6  7  8  9 10 |
---------------+-------------------------------+-----
Spellcasting   | 3 4 5 6 8 9 10 | 10.3
Fighting       | 3 5 |  5.0
Dodging        | 3 5 |  5.0
Stealth        | |  1.5

Action                   |  1- 3 |  4- 6 |  7- 9 | 10-12 || total
-------------------------+-------+-------+-------+-------++-------
Melee: Dagger            |       |     1 |     1 |     1 ||     3
 Cast: Shock             |    55 |    69 |   142 |    18 ||   284
       Static Discharge  |     1 |     4 |    32 |     4 ||    41
       Sting             |     3 |     5 |     7 |       ||    15
       Call Imp          |       |     2 |     2 |       ||     4
       Airstrike         |       |       |    54 |    27 ||    81
       Dazzling Flash    |       |       |     2 |       ||     2
  Use: Scroll            |       |     3 |     2 |     4 ||     9
 Stab: Paralysed         |       |     1 |     1 |       ||     2
Armor: Robe              |       |     3 |     8 |       ||    11
Dodge: Dodged            |       |     5 |    27 |     5 ||    37

Levels and vault maps discovered:
D:1:      minmay_arrival_widening_spiral_narrow, layout_basic,
          basic_ecumenical_altar, minmay_misc_feat_square,
          minmay_misc_feat_tiny, chequers_serial_rivers_small_3
D:2:      layout_basic, minmay_misc_feat_x
D:3:      layout_loops_ring, mainiacjoe_overflow_alcove_1,
          nicolae_uskayaw_dance_hall, kennysheep_generic_room_8
D:4:      layout_cave_pools, nicolae_vehumet_altar_sigil, fedhas_ov_isle_minmay,
          minmay_temple_entry_tees, serial_shops, kennysheep_mini
D:5:      minmay_inner_zag, layout_loops_ring, nicolae_ru_the_path_less_chosen,
          serial_undead, serial_undead_d, serial_undead_a, serial_undead_a,
          serial_undead_e, serial_undead_d, serial_undead_a
D:6:      layout_loops_ring, mainiacjoe_overflow_alcove_4, minivault_27,
          uniq_sigmund, uniq_grinder
D:7:      layout_layer_cave
D:8:      layout_gridville, dpeg_lair_monsters
Temple:   nicolae_temple_hex_pool

Notes
Turn   | Place    | Note
-------+----------+-------------------------------------------
     0 | D:1      | AIAndy the Djinni Air Elementalist began the quest for the
                  | Orb.
     0 | D:1      | Reached XP level 1. HP: 15/15 MP: 0/0
   461 | D:1      | Reached XP level 2. HP: 19/21 MP: 0/0
   516 | D:1      | Reached skill level 3 in Spellcasting
   797 | D:1      | Reached XP level 3. HP: 24/25 MP: 0/0
   797 | D:1      | Learned a level 1 spell: Sting
   929 | D:1      | Found a faded altar of an unknown god.
   940 | D:1      | Became a worshipper of Uskayaw the Reveller
   940 | D:1      | Reached * piety under Uskayaw
  1385 | D:2      | Reached ** piety under Uskayaw
  1763 | D:2      | Reached XP level 4. HP: 28/31 MP: 0/0
  2052 | D:3      | Reached *** piety under Uskayaw
  2054 | D:3      | Reached skill level 4 in Spellcasting
  2054 | D:3      | Reached **** piety under Uskayaw
  2059 | D:3      | Reached ***** piety under Uskayaw
  2060 | D:3      | Reached XP level 5. HP: 21/35 MP: 0/0
  2060 | D:3      | Learned a level 2 spell: Call Imp
  2519 | D:3      | Found a hide-covered altar of Uskayaw.
  3235 | D:4      | Found a staircase to the Ecumenical Temple.
  3286 | D:4      | Reached XP level 6. HP: 37/40 MP: 0/0
  3413 | D:4      | Noticed an ogre
  3421 | D:4      | Killed an ogre
  3422 | D:4      | Reached skill level 5 in Spellcasting
  3505 | D:4      | Reached XP level 7. HP: 40/45 MP: 0/0
  3505 | D:4      | Learned a level 3 spell: Dazzling Flash
  3617 | D:4      | Reached skill level 6 in Spellcasting
  3984 | D:4      | Found a blossoming altar of Fedhas.
  4041 | D:4      | Found Woicuw's Book Shop.
  4226 | Temple   | Entered the Ecumenical Temple
  4324 | D:5      | Entered Level 5 of the Dungeon
  4528 | D:5      | Reached XP level 8. HP: 27/50 MP: 0/0
  4791 | D:5      | Reached skill level 7 in Spellcasting
  5114 | D:5      | Reached skill level 1 in Fighting
  5448 | D:5      | Reached skill level 3 in Dodging
  5567 | D:5      | Reached skill level 2 in Fighting
  5868 | D:5      | Found a sacrificial altar of Ru.
  6040 | D:5      | Reached skill level 3 in Fighting
  6127 | D:5      | Reached skill level 8 in Spellcasting
  6127 | D:5      | Reached XP level 9. HP: 47/60 MP: 0/0
  6127 | D:5      | Learned a level 4 spell: Ice Form
  7096 | D:6      | Noticed Grinder
  7098 | D:6      | Reached skill level 9 in Spellcasting
  7103 | D:6      | Killed Grinder
  8184 | D:6      | Found a glowing golden altar of the Shining One.
  8324 | D:6      | Noticed Sigmund
  8330 | D:6      | Killed Sigmund
  8331 | D:6      | Reached XP level 10. HP: 45/67 MP: 0/0
  8974 | D:7      | Reached skill level 4 in Dodging
  9624 | D:7      | Reached skill level 4 in Fighting
  9741 | D:7      | Reached skill level 10 in Spellcasting
 10574 | D:8      | Noticed a death yak
 10580 | D:8      | Killed a death yak
 10581 | D:8      | Reached skill level 5 in Fighting
 10581 | D:8      | Reached skill level 5 in Dodging
 10582 | D:8      | Noticed a death yak
 10583 | D:8      | Noticed a death yak
 10593 | D:8      | HP: 7/70 [hell rat (17)]
 10600 | D:8      | Slain by a hell rat

Vanquished Creatures
  A death yak (D:8)
  Grinder (D:6)
  Sigmund (D:6)
  A wraith (D:7)
  A steam dragon (D:6)
  2 ice beasts (D:5)
  A water moccasin (D:5)
  A sky beast (D:5)
  2 orc warriors
  2 black bears
  3 ogres
  A bullfrog (D:7)
  3 scorpions
  2 water moccasin skeletons
  5 wights (D:6)
  A centaur zombie (D:6)
  A howler monkey (D:6)
  7 bullfrog zombies
  2 hounds
  4 centaur skeletons
  4 orc priests
  4 bullfrog skeletons (D:5)
  An iguana (D:6)
  A gnoll shaman (D:7)
  9 orc wizards
  A hell rat (D:8)
  A hound zombie (D:5)
  2 howler monkey skeletons (D:5)
  6 adders
  4 gnolls
  A river rat (D:8)
  A shadow imp (D:5)
  2 white imps
  A worm (D:2)
  34 orcs
  4 endoplasms
  2 giant cockroaches (D:2)
  12 goblins
  5 hobgoblins
  5 jackals
  8 kobolds
  4 quokkas
  2 ball pythons (D:1)
  2 bats (D:3)
  A frilled lizard (D:2)
  7 rats
166 creatures vanquished.

Vanquished Creatures (collateral kills)
  A water moccasin skeleton (D:4)
  An endoplasm (D:4)
2 creatures vanquished.

Vanquished Creatures (others)
  3 bushes (D:6)
  A withered plant (D:5)
4 creatures vanquished.

Grand Total: 172 creatures vanquished

Table legend: (Time is in decaauts)
 A = Elapsed time spent in this place.
 B = Non-inter-level travel time spent in this place.
 C = Inter-level travel time spent in this place.
 D = Time resting spent in this place.
 E = Time spent auto-exploring this place.
 F = Levels seen in this place.
 G = Mean time per level.
                   A        B        C        D        E       F      G
               +--------+--------+--------+--------+--------+-----+--------+
         Total |  10594 |  10269 |    325 |    753 |   8553 |   9 | 1177.1 |
       Dungeon |  10522 |  10204 |    318 |    753 |   8500 |   8 | 1315.2 |
        Temple |     71 |     64 |      7 |      0 |     53 |   1 |   71.0 |
               +--------+--------+--------+--------+--------+-----+--------+

Top non-repeatable levels by time:
     D:5: 2419 daAuts
     D:6: 1797 daAuts
     D:7: 1663 daAuts
     D:1: 1342 daAuts
     D:4: 1278 daAuts
     D:3: 930 daAuts
     D:2: 699 daAuts
     D:8: 390 daAuts
  Temple: 71 daAuts

Table legend:
 A = Non-vault XP
 B = Vault XP
 C = Vault XP percentage of total XP
 D = Non-vault monster count
 E = Vault monster count
 F = Vault count percentage of total count
                 A         B        C        D         E       F
            +---------+---------+-------+---------+---------+-------
      Total |    3537 |    2300 |  39.4 |     144 |      24 |  14.3
            +---------+---------+-------+---------+---------+-------
        D:1 |      36 |       0 |   0.0 |      14 |       0 |   0.0
        D:2 |      37 |       0 |   0.0 |      15 |       0 |   0.0
        D:3 |     132 |       2 |   1.5 |      17 |       1 |   5.6
        D:4 |     619 |       0 |   0.0 |      30 |       0 |   0.0
        D:5 |     624 |     884 |  58.6 |      21 |      16 |  43.2
        D:6 |    1190 |     516 |  30.2 |      25 |       2 |   7.4
        D:7 |     715 |       0 |   0.0 |      18 |       0 |   0.0
        D:8 |     184 |     898 |  83.0 |       4 |       5 |  55.6
            +---------+---------+-------+---------+---------+-------
